 Dungeon Crawl Stone Soup version 0.28-a0-1227-ga9037bb4c8 (webtiles) character file.

Game seed: 1973497521764108699

119665 BinkBink the Severer (level 16, -1/152 HPs)
             Began as a Deep Dwarf Monk on Dec 22, 2021.
             Was a Believer of Elyvilon.
             Killed from afar by a deep elf knight (21 damage)
             ... with a shard of ice
             ... on level 2 of the Orcish Mines.
             The game lasted 01:32:29 (22808 turns).

BinkBink the Severer (Deep Dwarf Monk)             Turns: 22808, Time: 01:32:30

Health: -1/152     AC: 28    Str: 19    XL:     16   Next: 28%
Magic:  9/9 (0)    EV: 16    Int: 22    God:    Elyvilon [**....]
Gold:   2340       SH: 15    Dex: 24    Spells: 15/15 levels left

rFire   + + .      SeeInvis .   g - +7 hand axe of Fed Budo {freeze, rF++ rCorr Str+2}
rCold   + + +      Faith    .   u - +2 buckler
rNeg    + . .      Spirit   .   D - +9 chain mail of Ewuxiuthe {+Blink rElec MP+9 Dex-2}
rPois   +          Reflect  +   r - +2 helmet
rElec   +          Harm     .   T - +2 cloak {rPois}
rCorr   +          Rampage  .   (no gloves)
Will    +++..                   (no boots)
Stlth   ..........              d - amulet of reflection
HPRegen 0.00/turn               c - ring "Urilytem" {rC++ rCorr Dex+3}
MPRegen 0.11/turn               U - ring of the Establishment {rC+ Int+7 Dex+6 Slay+3}

@: no status effects
A: damage resistance, heal wounds, negative energy resistance 1, sense
surroundings 2, no regeneration, hooves 1, strong-willed 1
a: Heal Wounds, Renounce Religion, Evoke Blink, Purification, Heal Other


You were on level 2 of the Orcish Mines.
You worshipped Elyvilon.
Elyvilon was pleased with you.
You visited 5 branches of the dungeon, and saw 20 of its levels.
You also visited: Ossuary, Bailey and Wizlab.

You collected 2564 gold pieces.
You spent 224 gold pieces at shops.

Inventory:

Hand Weapons
 g - the +7 hand axe of Fed Budo (weapon) {freeze, rF++ rCorr Str+2}
   (You bought it in a shop on level 2 of the Orcish Mines)

   It freezes those it strikes, dealing additional cold damage.
   It can also slow down cold-blooded creatures.
   Str:       It affects your strength (+2).
   rF:        It greatly protects you from fire.
   rCorr:     It protects you from acid and corrosion.
 m - a +1 hand axe of venom
 L - a +1 broad axe of venom
Armour
 h - a +0 cloak
 r - a +2 helmet (worn)
 u - a +2 buckler (worn)
 C - a +2 kite shield
 D - the +9 chain mail of Ewuxiuthe (worn) {+Blink rElec MP+9 Dex-2}
   (You found it on level 8 of the Dungeon)

   Dex:       It affects your dexterity (-2).
   rElec:     It insulates you from electricity.
   MP:        It affects your magic capacity (+9).
   +Blink:    It lets you blink.
 E - the +0 leather armour of the Armoured One {Will+ Regen+ Str+7}
   (You found it on level 8 of the Dungeon)

   Str:       It affects your strength (+7).
   Regen:     It increases your rate of health regeneration.
   Will:      It increases your willpower.
 K - +0 fire dragon scales
 T - a +2 cloak of poison resistance (worn)
Jewellery
 c - the ring "Urilytem" (left hand) {rC++ rCorr Dex+3}
   (You acquired it on level 7 of the Dungeon)

   [ring of resist corrosion]

   Dex:       It affects your dexterity (+3).
   rC:        It greatly protects you from cold.
   rCorr:     It protects you from acid and corrosion.
 d - an amulet of reflection (around neck)
 e - a +6 ring of intelligence
 o - a ring of protection from cold
 I - a +6 ring of intelligence
 J - a ring of see invisible
 O - a ring of protection from cold
 S - a ring of flight
 U - the ring of the Establishment (right hand) {rC+ Int+7 Dex+6 Slay+3}
   (You acquired it on level 1 of the Elven Halls)

   [ring of dexterity]

   Int:       It affects your intelligence (+7).
   Dex:       It affects your dexterity (+6).
   Slay:      It affects your accuracy & damage with ranged weapons and melee
   (+3).
   rC:        It protects you from cold.
 V - a +4 ring of slaying
Wands
 b - a wand of digging (7)
 k - a wand of iceblast (19)
 w - a wand of charming (2)
 x - a wand of flame (24)
 P - a wand of polymorph (13)
 R - a wand of paralysis (1)
Scrolls
 i - 3 scrolls of amnesia
 p - 3 scrolls of fear
 q - 4 scrolls of magic mapping
 t - 4 scrolls of blinking
 v - 5 scrolls of teleportation
 y - 3 scrolls of fog
 z - a scroll of brand weapon
 A - 3 scrolls of identify
 H - a scroll of enchant armour
 N - 2 scrolls of summoning
Potions
 a - a potion of haste
 f - 2 potions of ambrosia
 j - 2 potions of resistance
 l - 3 potions of curing
 n - a potion of attraction
 s - a potion of degeneration
 F - 3 potions of invisibility
Miscellaneous
 M - a piece from Xom's chessboard (15/15)
 Q - a piece from Xom's chessboard (15/15)


   Skills:
 + Level 11.7 Fighting
 - Level 16.1 Axes
 - Level 13.1 Armour
 + Level 11.7 Dodging
 - Level 2.4 Stealth
 + Level 12.6 Shields
 - Level 14.4 Invocations


You had 15 spell levels left.
You didn't know any spells.
Your spell library contained the following spells:

 Spells                   Type           Power      Damage    Failure   Level
 Animate Skeleton         Necr           0%         N/A       73%         1
 Apportation              Tloc           0%         N/A       73%         1
 Magic Dart               Conj           0%         1d3       73%         1
 Sting                    Tmut/Pois      0%         1d3       73%         1
 Summon Small Mammal      Summ           0%         N/A       73%         1
 Call Imp                 Summ           0%         N/A       86%         2
 Ensorcelled Hibernation  Hex/Ice        0%         N/A       86%         2
 Poisonous Vapours        Pois/Air       0%         N/A       86%         2
 Searing Ray              Conj           0%         2d4       86%         2
 Call Canine Familiar     Summ           0%         N/A       97%         3
 Dazzling Flash           Conj/Hex       0%         N/A       97%         3
 Frozen Ramparts          Ice            0%         1d2       97%         3
 Inner Flame              Hex/Fire       0%         N/A       97%         3
 Mephitic Cloud           Conj/Pois/Air  0%         N/A       97%         3
 Spider Form              Tmut/Pois      0%         N/A       97%         3
 Summon Guardian Golem    Hex/Summ       0%         N/A       97%         3
 Cause Fear               Hex            0%         N/A       100%        4
 Fulminant Prism          Conj/Hex       0%         3d6       100%        4
 Hailstorm                Conj/Ice       0%         3d3       100%        4
 Ice Form                 Ice/Tmut       0%         N/A       100%        4
 Iskenderun's Mystic Bla  Conj/Tloc      0%         2d3       100%        4
 Olgreb's Toxic Radiance  Pois           0%         N/A       100%        4
 Summon Ice Beast         Ice/Summ       0%         N/A       100%        4
 Iskenderun's Battlesphe  Conj           0%         2d6       100%        5
 Conjure Ball Lightning   Conj/Air       0%         3x3d6     100%        6
 Starburst                Conj/Fire      0%         6d3       100%        6
 Spellforged Servitor     Conj/Summ      0%         N/A       100%        7
 Discord                  Hex            0%         N/A       100%        8
 Fire Storm               Conj/Fire      0%         5d1       100%        9


Dungeon Overview and Level Annotations

Branches:
Dungeon (15/15)            Temple (1/1) D:4            Lair (1/6) D:8
    Orc (2/2) D:9             Elf (1/3) Orc:2        Vaults (0/5) D:13
 Depths (0/4) D:15        Ossuary (visited)          Bailey (visited)
 WizLab (visited)

Altars:
Ashenzari
Cheibriados
Dithmenos
Elyvilon
Fedhas
Gozag
Hepliaklqana
Kikubaaqudgha
Makhleb
Nemelex Xobeh
Okawaru
Qazlal
Ru
Sif Muna
Trog
Uskayaw
Vehumet
Wu Jian
Xom
Yredelemnul
Zin
The Shining One
Beogh

Shops:
D:9 !   Orc:1 (*   Orc:2 *=*(

Portals:
Pandemonium: Orc:2

Annotations:
D:3 1 transporter, Longtemps's ghost, amateur OpBr


Innate Abilities, Weirdness & Mutations

You are resistant to damage.
You can heal yourself by infusing magical energy.
You resist negative energy. (rN+)
You passively map the area around you.
You do not regenerate.
You have large cloven feet.
You are strong-willed. (Will+)


Message History

The deep elf knight unwields a +4 longbow.
The deep elf knight wields a +0 short sword.
The deep elf knight misses you.
You block the +2 war axe of electrocution's attack.
There is an open door here.
The deep elf knight hits you but does no damage.
The deep elf zephyrmancer mumbles some strange words.
The deep elf zephyrmancer blinks!
There is a staircase back to the Mines here.
The deep elf pyromancer closely misses you.
You block the deep elf knight's attack.
The deep elf zephyrmancer closely misses you.
You climb upwards.
Welcome back to the Orcish Mines!
There is a staircase to the Elven Halls here.
You feel better.
The deep elf pyromancer hits you with a +0 long sword.
* * * LOW HITPOINT WARNING * * *
You block the deep elf knight's attack.
The deep elf zephyrmancer hits you but does no damage.
The deep elf knight gestures wildly while chanting.
The deep elf knight seems to speed up.
You block the deep elf zephyrmancer's attack.
The deep elf knight gestures wildly while chanting.
The deep elf knight flickers and vanishes!
Deactivating autopickup; reactivate with Ctrl-A.
The deep elf zephyrmancer gestures wildly while chanting.
The deep elf zephyrmancer blinks!
The deep elf pyromancer gestures at you while chanting.
The bolt of fire misses you.
You hear a loud twanging sound.
An arrow appears from out of thin air!
The arrow hits you but does no damage.
You block the deep elf zephyrmancer's attack.
The deep elf pyromancer points at you and mumbles some strange words.
The bolt of fire misses you.
The deep elf pyromancer points at you and mumbles some strange words.
The bolt of fire misses you.
You hear some strange, mumbled words.
A shard of ice appears from out of thin air!
The shard of ice hits you!! You partially resist.
You die...

#####.#......... #.##....))......
####### #..##.###)...... #..##.##
#.#######.[..... ###.....##
#####.....#.......##
###........###.#....#......<...).
#.#.........#....................
#.....#...........#.....#........
......##........@###..........#..
....###.......e..# ##.......^.##.
...###...#)......###..........###
....###)........###.....#....####
.#..........##.{........##...###.
##....#.....###.........#.#...#..
#..........###.........##.##...[.
##..#...#..# #.........####......
#...##..#### ##.>.....## ##....#


You could see a deep elf zephyrmancer.

Vanquished Creatures
  A sphinx (shapeshifter) (D:15)
  A draconian annihilator (WizLab)
  9 purple draconians (WizLab)
  6 statues (WizLab)
  A fire dragon (D:15)
  An ettin (Orc:2)
  Erolcha (Orc:1)
  6 boulder beetles
  A vault guard (D:13)
  2 demonspawn (Orc:2)
  13 two-headed ogres
  8 centaur warriors
  3 dancing weapons (Elf:1)
  3 ogre magi
  2 tengu warriors
  10 orc high priests
  A hell knight (D:15)
  2 deep elf knights (Elf:1)
  A soul eater (Orc:2)
  A fire crab (shapeshifter) (Elf:1)
  A skeletal warrior (D:14)
  2 deep trolls
  A wizard (D:15)
  2 deep elf archers (Elf:1)
  15 orc knights
  9 deep elf pyromancers
  12 deep elf zephyrmancers
  5 orc sorcerers (Orc:2)
  8 ugly things
  3 manticores
  2 cyclopes
  Maurice (Orc:1)
  A rust devil (Orc:2)
  2 gargoyles
  A guardian serpent (D:15)
  A cane toad (D:7)
  An efreet (D:13)
  A freezing wraith (D:15)
  A hellwing (Orc:2)
  A red devil (Orc:2)
  12 tengu conjurers
  6 trolls
  A merfolk (D:8)
  A jumping spider (shapeshifter) (D:15)
  6 slime creatures
  A water elemental (Elf:1)
  2 shadows
  2 wyverns
  9 yaks
  9 humans (D:13)
  A fire elemental (Elf:1)
  A wraith (D:12)
  10 vampire mosquitoes
  3 steam dragons
  A redback simulacrum (D:14)
  Menkaure (D:5)
  A neqoxec (Orc:2)
  6 wargs
  14 two-headed ogre zombies (Orc:1)
  39 orc warriors
  3 sky beasts
  An ice beast (D:7)
  A meliai simulacrum (D:14)
  A hornet zombie (D:8)
  A necrophage (D:5)
  12 ogres
  10 black bears
  3 wolves
  15 centaurs
  A phantom (D:6)
  8 kobold brigands
  6 bullfrogs (D:8)
  6 gnoll sergeants
  A water moccasin zombie (D:5)
  A scorpion (D:4)
  A wyvern skeleton (D:7)
  A water moccasin skeleton (D:4)
  A wyvern zombie (D:7)
  7 killer bees
  9 electric eels (D:8)
  6 centaur zombies
  36 orc priests
  2 hounds (D:6)
  3 jellies
  2 centaur skeletons
  A gnoll shaman (D:8)
  A human zombie (Ossuary)
  2 bullfrog skeletons
  An iguana (D:6)
  24 orc wizards
  3 scorpion zombies (D:4)
  A killer bee zombie (D:6)
  An ogre zombie (Orc:1)
  4 hound zombies
  A hound skeleton (D:4)
  2 mummies (Ossuary)
  A howler monkey zombie (D:9)
  Robin (D:4)
  8 gnolls
  10 adders
  A white imp (D:6)
  An ufetubus (D:5)
  3 adder zombies
  2 adder skeletons (D:4)
  3 worms
  A worm (shapeshifter) (D:13)
  3 dart slugs
  96 orcs
  4 bats
  14 endoplasms
  5 giant cockroaches
  18 goblins
  6 hobgoblins
  3 jackals
  6 quokkas
  2 ball pythons
  8 frilled lizards
  2 goblin zombies (Ossuary)
  11 hobgoblin zombies (Ossuary)
  2 jackal zombies (Ossuary)
  6 kobolds
  9 kobold zombies (Ossuary)
  8 orc zombies (Ossuary)
  9 rats
  A rat zombie (Ossuary)
692 creatures vanquished.

Vanquished Creatures (others)
  A vault guard (D:13)
  A human (D:13)
  2 orc wizards
  2 orcs (D:8)
  A fungus (Lair:1)
  66 plants
  A withered plant (D:4)
74 creatures vanquished.

Grand Total: 766 creatures vanquished

Notes
Turn   | Place    | Note
-------+----------+-------------------------------------------
     0 | D:1      | BinkBink the Deep Dwarf Monk began the quest for the Orb.
     0 | D:1      | Reached XP level 1. HP: 20/20 MP: 1/1
     1 | D:1      | Found a runed translucent door.
   124 | D:1      | Reached XP level 2. HP: 25/27 MP: 2/2
   134 | D:1      | Reached skill level 1 in Armour
   428 | D:1      | Reached XP level 3. HP: 32/33 MP: 3/3
   741 | D:2      | Reached skill level 4 in Axes
   843 | D:2      | Reached XP level 4. HP: 15/40 MP: 3/3
  1836 | D:3      | Reached XP level 5. HP: 20/46 MP: 4/4
  1947 | D:3      | Found a transporter.
  1948 | D:3      | Noticed Longtemps's ghost (amateur OpBr)
  1948 | D:3      | Identified the +9 great mace of Nemelex Xobeh's Grace
                  | {flame, MP+9 Str+3}
  1948 | D:3      | Noticed an ogre
  1960 | D:3      | Found a faded altar of an unknown god.
  2288 | D:4      | Reached skill level 5 in Axes
  2313 | D:4      | Noticed Robin
  2332 | D:4      | Killed Robin
  2333 | D:4      | Reached XP level 6. HP: 32/55 MP: 5/5
  2560 | D:4      | Found a staircase to the Ecumenical Temple.
  2622 | Temple   | Entered the Ecumenical Temple
  2923 | Temple   | Became a worshipper of Elyvilon the Healer
  2923 | Temple   | Reached * piety under Elyvilon
  2923 | Temple   | Reached ** piety under Elyvilon
  3052 | D:4      | Reached skill level 6 in Axes
  3052 | D:4      | Reached skill level 1 in Invocations
  3247 | D:4      | Found an ancient bone altar of Kikubaaqudgha.
  3737 | D:5      | Entered Level 5 of the Dungeon
  3818 | D:5      | Reached skill level 5 in Armour
  3818 | D:5      | Reached XP level 7. HP: 34/61 MP: 6/6
  3854 | D:5      | HP: 3/61 [ogre (23)]
  3958 | D:5      | Reached *** piety under Elyvilon
  4273 | D:5      | Reached skill level 7 in Axes
  4364 | D:5      | Reached XP level 8. HP: 33/68 MP: 9/9
  4678 | D:5      | Noticed Menkaure
  4734 | D:5      | Killed Menkaure
  4735 | D:5      | Reached skill level 5 in Invocations
  5162 | D:6      | Reached skill level 8 in Axes
  5195 | D:6      | Found a sand-covered staircase.
  5219 | Ossuary  | Entered an ossuary
  5570 | D:6      | Gained mutation: You passively map the area around you.
                  | [Deep Dwarf growth]
  5570 | D:6      | Reached XP level 9. HP: 53/74 MP: 12/12
  5979 | D:6      | Noticed a troll
  5999 | D:6      | Killed a troll
  6000 | D:6      | Reached skill level 9 in Axes
  7625 | D:8      | Identified the +9 chain mail of Ewuxiuthe {+Blink rElec
                  | MP+9 Dex-2}
  7757 | D:8      | Identified the +0 leather armour of the Armoured One {Will+
                  | Regen+ Str+7}
  7778 | D:8      | Found a staircase to the Lair.
  7796 | D:8      | Reached skill level 10 in Axes
  7806 | D:8      | Reached XP level 10. HP: 40/81 MP: 15/15
  8029 | D:8      | Reached skill level 1 in Shields
  8055 | D:8      | Noticed a two-headed ogre
  8136 | D:8      | Killed a two-headed ogre
  8137 | D:8      | Reached skill level 10 in Invocations
  8347 | D:8      | Reached skill level 10 in Armour
  8563 | D:8      | Identified the +2 scale mail of the Leaf {rPois rC++}
  8661 | D:8      | Found a broken altar of Ashenzari.
  9007 | D:8      | Reached skill level 11 in Axes
  9127 | D:8      | Noticed a manticore
  9141 | D:8      | Killed a manticore
  9247 | D:8      | Reached XP level 11. HP: 47/88 MP: 16/16
  9767 | D:9      | Found a shadowy altar of Dithmenos.
  9998 | D:9      | Reached skill level 5 in Shields
 10135 | D:9      | Found a staircase to the Orcish Mines.
 10608 | D:9      | Found Reje's Distillery.
 10743 | D:10     | Entered Level 10 of the Dungeon
 11544 | D:11     | Reached **** piety under Elyvilon
 11577 | D:11     | Noticed a two-headed ogre
 11592 | D:11     | Killed a two-headed ogre
 11794 | D:11     | Noticed a seven-headed hydra
 11871 | Lair:1   | Entered Level 1 of the Lair of Beasts
 11952 | Lair:1   | Noticed a seven-headed hydra
 12059 | Orc:1    | Entered Level 1 of the Orcish Mines
 12200 | Orc:1    | Noticed an orc knight
 12200 | Orc:1    | Noticed an orc knight
 12212 | Orc:1    | Noticed a two-headed ogre
 12259 | D:9      | Reached skill level 12 in Axes
 12287 | D:9      | Killed a two-headed ogre
 12361 | D:9      | Killed an orc knight
 12408 | Orc:1    | Killed an orc knight
 12409 | Orc:1    | Reached XP level 12. HP: 102/102 MP: 18/18
 12553 | Orc:1    | Reached skill level 5 in Fighting
 12571 | Orc:1    | Noticed an ogre mage
 12591 | Orc:1    | Killed an ogre mage
 12745 | Orc:1    | Found Pyzuhatu's General Store.
 12911 | Orc:1    | Noticed an orc high priest
 12936 | Orc:1    | Killed an orc high priest
 12944 | Orc:1    | Noticed Maurice
 13061 | Orc:1    | Killed Maurice
 13370 | Orc:1    | Noticed an orc high priest
 13431 | Orc:1    | Killed an orc high priest
 13626 | Orc:1    | Found Disir's Weapon Shoppe.
 14042 | Orc:1    | Noticed an orc high priest
 14128 | Orc:1    | Killed an orc high priest
 14248 | Orc:1    | Noticed Erolcha
 14276 | Orc:1    | Killed Erolcha
 14277 | Orc:1    | Reached skill level 13 in Axes
 14519 | D:11     | You fall into a shaft and drop 2 floors!
 14658 | D:13     | Noticed a vault guard
 14658 | D:13     | Noticed a vault guard
 14708 | D:13     | Killed a vault guard
 14716 | D:13     | Reached XP level 13. HP: 64/112 MP: 19/19
 14795 | D:13     | Found a flagged portal.
 14824 | Bailey   | Entered a bailey
 15822 | D:7      | Identified a scroll of acquirement
 15822 | D:7      | Acquired the ring "Urilytem" {rC++ rCorr Dex+3}
 15833 | D:7      | Reached skill level 15 in Axes
 15833 | D:7      | Gained mutation: You resist negative energy. (rN+) [Deep
                  | Dwarf growth]
 15833 | D:7      | Reached XP level 14. HP: 123/123 MP: 17/17
 16247 | Orc:2    | Entered Level 2 of the Orcish Mines
 16314 | Orc:2    | Found a staircase to the Elven Halls.
 16642 | Orc:2    | Found Nuudwari's General Store.
 16643 | Orc:2    | Found Jiponnah's General Store.
 16706 | Orc:2    | Gained mutation: You are frail. (-10% HP) [a neqoxec]
 16712 | Orc:2    | Gained mutation: You sometimes lose the ability to read
                  | scrolls when taking damage. [a neqoxec]
 16834 | Orc:2    | Reached skill level 5 in Dodging
 17222 | Orc:2    | Paralysed by an orc sorcerer for 4 turns
 17411 | Orc:2    | Reached skill level 16 in Axes
 17698 | Orc:2    | Found Keschejy's Antique Weapon Shop.
 17698 | Orc:2    | Found Esmoime's Jewellery Boutique.
 17698 | Orc:2    | Found a one-way gate leading to the halls of Pandemonium.
 17721 | Orc:2    | Bought a fine hand axe for 224 gold pieces
 17721 | Orc:2    | Identified the +7 hand axe of Fed Budo {freeze, rF++ rCorr
                  | Str+2} (You bought it in a shop on level 2 of the Orcish
                  | Mines)
 18549 | D:12     | Identified the +3 spear of Infection {venom, rElec rF+++
                  | rC- Dex-4}
 18758 | D:12     | Reached XP level 15. HP: 79/121 MP: 12/12
 19159 | D:13     | Found a gate to the Vaults.
 19563 | D:14     | Reached skill level 10 in Shields
 19637 | D:14     | Found an ornate altar of the Wu Jian Council.
 20050 | D:15     | Entered Level 15 of the Dungeon
 20304 | D:15     | Reached skill level 10 in Fighting
 20709 | D:15     | Reached skill level 10 in Dodging
 20883 | D:15     | Noticed an iron giant
 20883 | D:15     | a dire elephant changed into an iron giant
 20884 | D:15     | Noticed a golden dragon
 20884 | D:15     | an iron giant changed into a golden dragon
 20888 | D:15     | Noticed an acid blob
 20888 | D:15     | a golden dragon changed into an acid blob
 20894 | D:15     | Noticed a golden dragon
 20894 | D:15     | an acid blob changed into a golden dragon
 20898 | D:15     | Noticed a quicksilver dragon
 20898 | D:15     | a golden dragon changed into a quicksilver dragon
 20906 | D:15     | a quicksilver dragon changed into a dire elephant
 20914 | D:15     | Found a staircase to the Depths.
 20916 | D:15     | Noticed a fenstrider witch
 20916 | D:15     | a stone giant changed into a fenstrider witch
 20917 | D:15     | Noticed a shadow dragon
 20917 | D:15     | a fenstrider witch changed into a shadow dragon
 20921 | D:15     | a shadow dragon changed into a stone giant
 20936 | D:15     | Noticed an iron giant
 20936 | D:15     | a dire elephant changed into an iron giant
 20948 | D:15     | Noticed a golden dragon
 20948 | D:15     | an iron giant changed into a golden dragon
 20954 | D:15     | Noticed a caustic shrike
 20954 | D:15     | a golden dragon changed into a caustic shrike
 20969 | D:15     | Noticed a shadow dragon
 20969 | D:15     | a caustic shrike changed into a shadow dragon
 20970 | D:15     | a shadow dragon changed into an iron troll
 20972 | D:15     | Noticed a fire giant
 20972 | D:15     | an iron troll changed into a fire giant
 20976 | D:15     | a fire giant changed into an alligator snapping turtle
 20978 | D:15     | Noticed a sphinx
 20978 | D:15     | an alligator snapping turtle changed into a sphinx
 20981 | D:15     | Noticed a quicksilver dragon
 20981 | D:15     | a sphinx changed into a quicksilver dragon
 20983 | D:15     | a quicksilver dragon changed into an emperor scorpion
 20998 | D:15     | Noticed a storm dragon
 20998 | D:15     | a catoblepas changed into a storm dragon
 21000 | D:15     | a storm dragon changed into a dire elephant
 21015 | D:15     | Noticed a sphinx
 21015 | D:15     | an entropy weaver changed into a sphinx
 21018 | D:15     | a sphinx changed into a dire elephant
 21020 | D:15     | Noticed a quicksilver dragon
 21020 | D:15     | a dire elephant changed into a quicksilver dragon
 21025 | D:15     | Noticed a frost giant
 21025 | D:15     | a quicksilver dragon changed into a frost giant
 21027 | D:15     | a frost giant changed into an alligator snapping turtle
 21037 | D:15     | Noticed a sphinx
 21037 | D:15     | an eleionoma changed into a sphinx
 21046 | D:15     | Killed a sphinx
 21482 | Elf:1    | Entered Level 1 of the Elven Halls
 21681 | Elf:1    | Acquired the ring of the Establishment {rC+ Int+7 Dex+6
                  | Slay+3}
 21839 | Elf:1    | Found a magical portal.
 21865 | WizLab   | Entered Iskenderun's Mystic Tower
 21925 | WizLab   | Reached XP level 16. HP: 85/135 MP: 2/2
 21991 | WizLab   | Lost mutation: You are frail. (-10% HP) [potion of
                  | mutation]
 21991 | WizLab   | Lost mutation: You sometimes lose the ability to read
                  | scrolls when taking damage. [potion of mutation]
 21991 | WizLab   | Gained mutation: You are strong-willed. (Will+) [potion of
                  | mutation]
 21991 | WizLab   | Gained mutation: You have large cloven feet. [potion of
                  | mutation]
 22465 | WizLab   | Got Iskenderun's Grimoire of Confrontation
 22465 | WizLab   | Got Iskenderun's Collected Works on Arcane Weapons
 22808 | Orc:2    | Killed from afar by a deep elf knight

Illustrated notes

Levels and vault maps discovered:
D:1:      dpeg_arrival_caged_fury, layout_basic
D:2:      layout_loops_ring, wander_ebering_terrifying_dragon_lair
D:3:      layout_loops_cross, gammafunk_ghost_smash,
          ebering_ecumenical_altar_webs
D:4:      layout_layer_cave, nicolae_kikubaaqudgha_miasma_corner,
          minmay_temple_entry_statues_pillars, serial_undead, serial_undead_c,
          serial_undead_c, serial_undead_e, serial_undead_d, serial_undead_c,
          chequers_serial_rivers_micro_b, uniq_robin
D:5:      layout_basic, uniq_menkaure
D:6:      cheibrodos_two_vegetables, layout_basic,
          lightli_ossuary_entry_decrepit_ruins
D:7:      layout_basic
D:8:      kennysheep_town
D:9:      layout_rooms, lemuel_crystal_altar,
          kennysheep_orc_monster_closet_entryway, serial_shops,
          kennysheep_mini_moat
D:10:     layout_roguey
D:11:     layout_roguey
D:12:     layout_cave_pools, drop_trap, kennysheep_cross_room,
          david_defended_altar_orc
D:13:     layout_loops_ring, ximxim_vaults_locker_room, enter_bailey_2
D:14:     layout_cave_pools, pdpol_wu_jian_five_deadly_venoms, grunt_tough_drop
D:15:     hangedman_depths_entry_civil_slaughter, layout_basic,
          roderic_serpentine_path, nrook_guardian_serpent_double
Temple:   mainiacjoe_temple_cubbyholes
Lair:1:   dragon1_lemuel, layout_cave_pods, beast_lair_carwin_9,
          grunt_megastairs_4, serial_bayou_shore_a
Orc:1:    lemuel_ogre_cave, layout_caves, serial_shops,
          nicolae_shop_advertising_works [nicolae_subvault_shop_adworks],
          guppyfry_orc_lava_fort, uniq_maurice
Orc:2:    pf_orc_diabolical, layout_diamond_mine, elves_outpost_lemuel
Elf:1:    layout_loops_cross, mu_enter_wizlab_1, evilmike_minifort

Skill      XL: |  1  2  3  4  5  6  7  8  9 10 11 12 13 14 15 16 |
---------------+-------------------------------------------------+-----
Armour         | 1 2 3 4 5 6 7 9 10 11 12 13 | 13.1
Dodging        | 4 7 11 | 11.7
Axes           | 4 5 6 7 8 10 11 12 13 15 16 | 16.1
Invocations    | 2 4 7 9 11 12 13 14 | 14.4
Shields        | 4 6 8 9 11 12 | 12.6
Fighting       | 4 6 7 9 11 | 11.7
Stealth        | |  2.4

Action                   |  1- 3 |  4- 6 |  7- 9 | 10-12 | 13-15 | 16-18 || total
-------------------------+-------+-------+-------+-------+-------+-------++-------
Melee: Hand axe          |   163 |   282 |   644 |  1589 |   937 |   230 ||  3845
       Unarmed           |       |       |       |    13 |       |       ||    13
       Broad axe         |       |       |       |   137 |   688 |       ||   825
       Kick              |       |       |       |       |       |   123 ||   123
Invok: Heal Self         |       |       |    13 |    22 |    26 |     2 ||    63
       Purification      |       |       |       |       |     2 |       ||     2
 Abil: Heal Wounds       |     2 |     3 |     8 |    17 |    54 |     5 ||    89
       Evoke Blink       |       |       |       |     1 |       |       ||     1
Evoke: Wand              |       |       |       |    12 |    10 |       ||    22
  Use: Scroll            |       |       |     6 |     1 |     9 |       ||    16
       Potion            |       |       |       |     3 |     9 |     4 ||    16
 Stab: Sleeping          |     1 |     2 |       |       |       |       ||     3
       Confused          |       |       |       |     1 |       |       ||     1
Armor: Robe              |    25 |     7 |       |       |       |       ||    32
       Plate armour      |       |   160 |   287 |       |       |       ||   447
       Chain mail        |       |       |    10 |   606 |   667 |    26 ||  1309
       Leather armour    |       |       |     2 |       |       |       ||     2
       Skin              |       |       |       |     1 |       |       ||     1
Dodge: Dodged            |    95 |    72 |   118 |   329 |   400 |    42 ||  1056
Block: Other             |       |    60 |    30 |     3 |       |       ||    93
       Buckler           |       |       |   228 |   753 |   830 |    59 ||  1870
       Reflection        |       |       |     1 |    22 |    25 |     5 ||    53

Table legend: (Time is in decaauts)
 A = Elapsed time spent in this place.
 B = Non-inter-level travel time spent in this place.
 C = Inter-level travel time spent in this place.
 D = Time resting spent in this place.
 E = Time spent auto-exploring this place.
 F = Levels seen in this place.
 G = Mean time per level.
                   A        B        C        D        E       F      G
               +--------+--------+--------+--------+--------+-----+--------+
         Total |  21846 |  20363 |   1483 |    300 |  10976 |  23 |  949.8 |
       Dungeon |  15794 |  14616 |   1178 |    300 |   8891 |  15 | 1052.9 |
        Temple |    356 |    301 |     55 |      0 |    289 |   1 |  356.0 |
          Lair |    110 |    110 |      0 |      0 |     54 |   1 |  110.0 |
  Orcish Mines |   3777 |   3563 |    214 |      0 |   1685 |   2 | 1888.5 |
   Elven Halls |    440 |    406 |     34 |      0 |      0 |   1 |  440.0 |
       Ossuary |    332 |    332 |      0 |      0 |     19 |   1 |  332.0 |
        Bailey |    317 |    317 |      0 |      0 |     37 |   1 |  317.0 |
        Wizlab |    715 |    715 |      0 |      0 |      0 |   1 |  715.0 |
               +--------+--------+--------+--------+--------+-----+--------+

Top non-repeatable levels by time:
     D:8: 2381 daAuts
   Orc:1: 2130 daAuts
   Orc:2: 1647 daAuts
     D:7: 1415 daAuts
     D:9: 1311 daAuts
     D:4: 1250 daAuts
     D:5: 1140 daAuts
     D:6: 1092 daAuts
    D:13: 1037 daAuts
    D:10: 1021 daAuts
    D:15: 1002 daAuts
     D:2: 782 daAuts
  WizLab: 715 daAuts
     D:3: 706 daAuts
    D:14: 702 daAuts
